 Dungeon Crawl Stone Soup version 0.31-a0-1178-gc5c9b8f871 (webtiles) character file.

Game seed: 5670381017456015588

130 grandjackal the Chopper (level 4, 0/37 HPs)
             Began as a Demonspawn Gladiator on Dec 12, 2023.
             Slain by an orc
             ... wielding a +0 war axe
              (9 damage)
             ... on level 3 of the Dungeon.
             The game lasted 00:02:36 (2008 turns).

grandjackal the Chopper (Demonspawn Gladiator)      Turns: 2008, Time: 00:02:37

Health: 0/37       AC:  5    Str: 16    XL:     4   Next: 89%
Magic:  4/4        EV: 12    Int:  8    God:
Gold:   24         SH:  0    Dex: 15    Spells: 3/3 levels left

rFire   . . .        a - +0 war axe
rCold   . . .        (no shield)
rNeg    . . .        b - +0 leather armour
rPois   .            c - +0 helmet
rElec   .            (no cloak)
rCorr   .            (no gloves)
SInv    .            n - +0 pair of boots
Will    .....        (no amulet)
Stlth   +            (no ring)
HPRegen 0.26/turn    (no ring)
MPRegen 0.09/turn

%: no passive effects
@: no status effects
A: demonic magic 1
a: no special abilities


You were on level 3 of the Dungeon.
You visited 1 branch of the dungeon, and saw 3 of its levels.

You collected 110 gold pieces.
You spent 86 gold pieces at shops.

Inventory:

Hand Weapons
 a - a +0 war axe (weapon)
Missiles
 d - 3 throwing nets (quivered)
 e - a javelin
Armour
 b - a +0 leather armour (worn)
 c - a +0 helmet (worn)
 n - a +0 pair of boots (worn)
 o - a +0 buckler
Scrolls
 f - 3 scrolls of noise {unknown}
 g - 2 scrolls of identify {unknown}
 h - a scroll of revelation {unknown}
 i - a scroll of silence {unknown}
 k - a scroll of amnesia {unknown}
 m - a scroll of blinking {unknown}
 p - a scroll of teleportation {unknown}
Potions
 j - a potion of haste {unknown}
 l - 3 potions of curing {unknown}
 q - a potion of heal wounds {unknown}


   Skills:
 + Level 3.6 Fighting
 + Level 3.9 Axes
 - Level 2.0 Throwing
 - Level 3.0 Dodging
 + Level 0.2 Shields


You had 3 spell levels left.
You didn't know any spells.
Your spell library contained the following spells:

 Spells                   Type           Power      Damage    Failure   Level
 Apportation              Tloc           0%         N/A       47%         1
 Necrotise                Necr           0%         1d4       47%         1
 Sandblast                Erth           0%         2d4       47%         1
 Summon Small Mammal      Summ           0%         N/A       47%         1
 Passwall                 Tmut/Erth      0%         N/A       63%         2
 Stone Arrow              Conj/Erth      0%         3d7       85%         3
 Brom's Barrelling Bould  Conj/Erth      0%         2d3       99%         4


Dungeon Overview and Level Annotations

Branches:
Dungeon (3/15)

Altars:
Ashenzari
Cheibriados

Shops:
D:2 *

Annotations:
D:3 Terence


Innate Abilities, Weirdness & Mutations

Spells you cast may paralyse adjacent enemies.


Message History

No target in view!
No target in view!
No target in view!
No target in view!
No target in view!
No target in view!
No target in view!
You see here a jackal corpse.
There is a stone staircase leading down here.
You see here a +0 spear of flaming.
q - a yellow potion
Found a broken altar of Ashenzari and a snail-covered altar of Cheibriados.
An orc and 2 jackals come into view.
The jackal barks!
You hear a shout!
The orc shouts!
You hear a shout!
You hear a bark!
An orc comes into view. It is wielding a +0 war axe.
You hear a shout!
You barely miss the orc. The orc hits you with a +0 flail.
You closely miss the orc. The orc closely misses you.
You barely miss the orc. The orc hits you with a +0 war axe!
You barely miss the orc. The orc hits you with a +0 war axe!
You barely miss the orc. The orc hits you but does no damage.
The orc hits you with a +0 war axe!
* * * LOW HITPOINT WARNING * * *
You are too injured to fight recklessly!
You are too injured to fight recklessly!
You are too injured to fight recklessly!
You are too injured to fight recklessly!
You are too injured to fight recklessly!
You are too injured to fight recklessly!
You are too injured to fight recklessly!
You are too injured to fight recklessly!
You are too injured to fight recklessly!
You hit the orc.
The orc is heavily wounded.
The orc hits you with a +0 war axe.
* * * LOW HITPOINT WARNING * * *
A hobgoblin comes into view.
The orc attacks as it pursues you! The orc hits you with a +0 war axe!
You die...

##. # .... #.
._. #.. ...
#.#.##.# #.#
....
#.####.####g#
#......@o.oh#
#.####.####.#
#.#.......#
##.#.##.##.#
##....#..^#
..
#...###._.#
h#
#.#........
h.
#.######...#
. ########.##
###.#


You could see 2 orcs, a jackal and a hobgoblin.

Vanquished Creatures
  Robin (D:3)
  5 adders
  A worm (D:2)
  A dart slug (D:1)
  3 ball pythons
  3 bats
  An endoplasm (D:1)
  A giant cockroach (D:2)
  10 goblins
  9 hobgoblins
  7 jackals
  6 kobolds
  2 quokkas (D:2)
  14 frilled lizards
  6 rats
70 creatures vanquished.

Vanquished Creatures (others)
  A bat (D:1)
1 creature vanquished.

Grand Total: 71 creatures vanquished

Notes
Turn   | Place    | Note
-------+----------+-------------------------------------------
     0 | D:1      | grandjackal the Demonspawn Gladiator began the quest for
                  | the Orb.
     0 | D:1      | Reached XP level 1. HP: 16/16 MP: 1/1
   175 | D:1      | Gained mutation: Spells you cast may paralyse adjacent
                  | enemies. [demonic ancestry]
   175 | D:1      | Reached XP level 2. HP: 22/22 MP: 2/2
   706 | D:2      | You fall into a shaft and drop 1 floor!
   827 | D:3      | Noticed Terence
   858 | D:2      | Reached XP level 3. HP: 28/28 MP: 3/3
   905 | D:2      | Found Erepnom's Assorted Antiques.
   914 | D:2      | Bought a scroll labelled CEEGGO VUMOGIL for 23 gold pieces
   914 | D:2      | Bought a scroll labelled EBYN LAJASAF for 23 gold pieces
   914 | D:2      | Bought a lumpy pink potion for 20 gold pieces
   914 | D:2      | Bought a lumpy pink potion for 20 gold pieces
  1377 | D:2      | Reached XP level 4. HP: 35/35 MP: 4/4
  1588 | D:3      | Noticed Robin
  1709 | D:3      | Killed Robin
  1997 | D:3      | Found a broken altar of Ashenzari.
  1997 | D:3      | Found a snail-covered altar of Cheibriados.
  2008 | D:3      | Slain by an orc

Illustrated notes

Levels and vault maps discovered:
D:1:      evilmike_arrival_crescent, layout_rooms, serial_glass,
          glass_columns_a, glass_columns_a, minmay_strange_pillars,
          feat_on_display, item_on_display_a, minmay_strange_pillars,
          minmay_lizard_pond
D:2:      layout_basic, serial_shops, shop, basic_altar
D:3:      layout_loops_cross, mainiacjoe_overflow_large_starburst, uniq_robin,
          uniq_terence

Skill      XL: |  1  2  3 |
---------------+----------+-----
Throwing       | 2 |  2.0
Axes           | 3 |  3.9
Dodging        | 3 |  3.0
Fighting       | 3 |  3.6
Shields        | |  0.2

Action                     |  1- 3 |  4- 6 || total
---------------------------+-------+-------++-------
  Melee: War axe           |   104 |   100 ||   204
         Punch             |       |     1 ||     1
 Armour: Leather armour    |    79 |    88 ||   167
  Dodge: Dodged            |    87 |    91 ||   178

Table legend: (Time is in decaauts)
 A = Elapsed time spent in this place.
 B = Non-inter-level travel time spent in this place.
 C = Inter-level travel time spent in this place.
 D = Time resting spent in this place.
 E = Time spent auto-exploring this place.
 F = Levels seen in this place.
 G = Mean time per level.
                   A        B        C        D        E       F      G
               +--------+--------+--------+--------+--------+-----+--------+
         Total |   2078 |   2022 |     56 |    296 |   1220 |   3 |  692.7 |
       Dungeon |   2078 |   2022 |     56 |    296 |   1220 |   3 |  692.7 |
               +--------+--------+--------+--------+--------+-----+--------+

Top non-repeatable levels by time:
     D:2: 927 daAuts
     D:1: 683 daAuts
     D:3: 468 daAuts
